 Dungeon Crawl Stone Soup version 0.31.0-32-g396128a36d (webtiles) character file.

Game seed: 6408582124197276794

669 AdnanSaban the Shield-Bearer (level 7, -3/44 HPs)
             Began as a Gargoyle Fighter on Apr 11, 2024.
             Killed by divine providence
             ... invoked by an orc priest
              (12 damage)
             ... on level 4 of the Dungeon.
             The game lasted 00:07:40 (4228 turns).

AdnanSaban the Shield-Bearer (Gargoyle Fighter)     Turns: 4228, Time: 00:07:40

Health: -3/44      AC: 15    Str: 21    XL:     7   Next: 58%
Magic:  7/7        EV:  7    Int:  9    God:
Gold:   155        SH:  8    Dex:  9    Spells: 6/6 levels left

rFire   . . .        p - +0 morningstar
rCold   . . .        j - +0 kite shield
rNeg    + + .        e - +0 chain mail
rPois   ∞            s - +0 helmet
rElec   +            (no cloak)
rCorr   .            (no gloves)
SInv    .            (no boots)
Will    .....        (no amulet) Stlth
                     i - ring of positive energy
HPRegen 0.27/turn    (no ring)
MPRegen 0.10/turn

%: no passive effects
@: no status effects
A: sickness immunity, AC +4, negative energy resistance 1, electricity
resistance, torment resistance 1, petrification resistance
a: no special abilities


You were on level 4 of the Dungeon.
You visited 1 branch of the dungeon, and saw 4 of its levels.

You collected 155 gold pieces.

Inventory:

Hand Weapons
 p - a +0 morningstar (weapon)
Missiles
 a - a throwing net
 c - 5 javelins (quivered)
 v - 6 poisoned darts
Armour
 e - a +0 chain mail (worn)
 j - a +0 kite shield (worn)
 s - a +0 helmet (worn)
Jewellery
 i - a ring of positive energy (left hand)
Wands
 m - a wand of roots (6)
 w - a wand of flame (25)
Scrolls
 f - a scroll of teleportation {unknown}
 g - 5 scrolls of identify {unknown}
 h - 4 scrolls of blinking {unknown}
 l - a scroll of amnesia {unknown}
 q - a scroll of enchant armour {unknown}
 x - a scroll of fear {unknown}
 y - a scroll of noise {unknown}
Potions
 b - a potion of magic {unknown}
 d - 2 potions of might
 k - a potion of degeneration {unknown}
 n - 2 potions of brilliance {unknown}
 o - a potion of lignification {unknown}
 r - 3 potions of invisibility {unknown}
 t - a potion of curing {unknown}
 u - a potion of cancellation {unknown}
 z - a potion of attraction {unknown}


   Skills:
 + Level 4.8 Fighting
 + Level 4.8 Maces & Flails
 + Level 4.9 Armour
 + Level 1.6 Dodging
 + Level 0.2 Stealth
 + Level 5.4 Shields


You had 6 spell levels left.
You didn't know any spells.
Your spell library contained the following spells:

 Spells                   Type           Power      Damage    Failure   Level
 Sting                    Conj/Alch      0%         1d3       99%         1
 Mercury Vapours          Alch/Air       0%         N/A       100%        2
 Ignite Poison            Fire/Alch      0%         N/A       100%        4
 Olgreb's Toxic Radiance  Alch           0%         N/A       100%        4
 Freezing Cloud           Conj/Ice/Air   0%         6-21      100%        5
 Cigotuvi's Dreadful Rot  Necr/Alch/Air  Unusable   N/A       N/A         2

Dungeon Overview and Level Annotations

Branches:
Dungeon (4/15)
 Temple: D:4-7

Altars:
Ru
Zin

Shops:
D:3 !

Annotations:
D:3 1 runed translucent door, Crazy Yiuf


Innate Abilities, Weirdness & Mutations

You are immune to sickness and miasma.
Your stone body is resilient. (AC +4)
You are immune to poison.
You resist negative energy. (rN+)
You are resistant to electric shocks. (rElec)
You are resistant to unholy torment.
You are immune to petrification.


Message History

There is a stone staircase leading up here.
Items here: ))) [[.
You see here a ring of poison resistance.
y - a scroll labelled UMOROI EFIEP A ball python comes into view.
The ball python hisses angrily.
A ball python is nearby!
A ball python is nearby!
You barely miss the ball python. The ball python closely misses you.
The ball python grabs you. The ball python constricts you.
You puncture the ball python!
You kill the ball python!
No target in view!
No target in view!
No target in view!
No target in view!
No target in view!
No target in view!
No target in view!
No target in view!
You see here a ball python corpse.
There is a stone staircase leading down here.
The orc priest shouts!
The orc priest shouts!
An orc priest is nearby!
An orc priest is nearby!
An orc priest is nearby!
Found 10 gold pieces.
The orc priest invokes the aid of Beogh against you.
Beogh smites you!
The orc priest calls down the wrath of Beogh upon you.
Beogh smites you!
You are too injured to fight recklessly!
The orc priest calls down the wrath of Beogh upon you.
Beogh smites you!
* * * LOW HITPOINT WARNING * * *
The orc priest begins to cast a cantrip, but forgets the words!
The orc priest calls down the wrath of Beogh upon you.
Beogh smites you!
You die...

#...#...........##.#####.#.####
#.. #########............#.....
#.............#######.....
#.............'..# ##....
#.............#..#####....
#.......<.....#.....##....
#.............#.....##....
#.............#o....##....
#........@....#.....######
#.............#.....#
.............#.....######
....#####..#............. ...?
#####.#.####.####### .
#................###
#.#.......#.####...#
#.#.#.o.#.#.##......
#.#.......#.##......


You could see an orc priest.

Vanquished Creatures
  Grinder (D:3)
  3 orc priests (D:4)
  A jelly (D:4)
  Terence (D:3)
  An iguana (D:4)
  An orc wizard (D:2)
  Natasha (twice) (D:4)
  Robin (D:3)
  3 adders
  4 gnolls
  2 dart slugs (D:4)
  14 orcs
  15 ball pythons
  8 endoplasms
  6 giant cockroaches
  14 goblins
  14 hobgoblins
  8 jackals
  4 quokkas
  3 bats
  11 frilled lizards
  2 kobolds (D:3)
  3 rats
122 creatures vanquished.

Vanquished Creatures (others)
  A bat (D:1)
1 creature vanquished.

Grand Total: 123 creatures vanquished

Notes
Turn   | Place    | Note
-------+----------+-------------------------------------------
     0 | D:1      | AdnanSaban the Gargoyle Fighter began the quest for the
                  | Orb.
     0 | D:1      | Reached XP level 1. HP: 14/14 MP: 1/1
   138 | D:1      | Reached XP level 2. HP: 19/19 MP: 2/2
   561 | D:1      | Reached XP level 3. HP: 23/23 MP: 3/3
  1441 | D:2      | Reached XP level 4. HP: 27/29 MP: 4/4
  1559 | D:2      | Found a sacrificial altar of Ru.
  1830 | D:3      | Reached skill level 4 in Shields
  1848 | D:3      | Noticed Grinder
  1865 | D:3      | Killed Grinder
  1866 | D:3      | Reached XP level 5. HP: 27/34 MP: 5/5
  1866 | D:3      | Reached XP level 6. HP: 31/39 MP: 6/6
  1967 | D:3      | Reached skill level 1 in Dodging
  2459 | D:3      | Found Obimei Tisa's Distillery.
  2580 | D:3      | Noticed Robin
  2580 | D:3      | Noticed Terence
  2994 | D:3      | Killed Robin
  3028 | D:3      | Killed Terence
  3029 | D:3      | Reached XP level 7. HP: 30/44 MP: 7/7
  3203 | D:3      | Found a runed translucent door.
  3204 | D:3      | Noticed Crazy Yiuf
  3339 | D:4      | Noticed Natasha
  3346 | D:4      | Killed Natasha
  3400 | D:4      | Reached skill level 5 in Shields
  3441 | D:4      | Found a glowing silver altar of Zin.
  3904 | D:4      | Noticed Natasha
  3912 | D:4      | Killed Natasha
  4228 | D:4      | Killed from afar by an orc priest

Illustrated notes

Levels and vault maps discovered:
D:1:      dpeg_arrival_ternary, layout_loops_ring, lemuel_flame_loot_1
D:2:      layout_loops_ring, basic_altar, nrook_mini_backslash
D:3:      layout_basic, serial_shops, nicolae_shop_stone, grunt_ministairs_11,
          minmay_lizard_king, uniq_terence, uniq_grinder, uniq_robin,
          uniq_crazy_yiuf_cottage
D:4:      cheibrodos_pilgrimage, layout_basic, general_overflow_altar,
          uniq_natasha

Skill      XL: |  1  2  3  4  5  6  7 |
---------------+----------------------+-----
Shields        | 4 5 |  5.4
Fighting       | 4 |  4.8
Maces & Flails | 4 |  4.8
Armour         | 4 |  4.9
Dodging        | 1 |  1.6
Stealth        | |  0.2

Action                     |  1- 3 |  4- 6 |  7- 9 || total
---------------------------+-------+-------+-------++-------
  Melee: Flail             |   144 |   199 |       ||   343
         Morningstar       |       |       |   104 ||   104
  Throw: Throwing net      |       |     1 |       ||     1
 Armour: Chain mail        |   109 |   208 |    86 ||   403
  Dodge: Dodged            |    47 |    68 |    37 ||   152
  Block: Buckler           |    30 |       |       ||    30
         Kite shield       |    25 |   139 |    75 ||   239
